AoeStats
← Sir Knight 999

Oasis

509277539Analyzed
3v3 RM · 5d ago on Sep 26, 2026· 63m 19s· 6 players
Game mode
Random Map
Map size
Normal (6 player)
Population
200
Speed
Normal
Resources
Standard
Victory
Conquest
Starting age
Dark Age
Ending age
Imperial Age
RankedLock teamsTeams togetherTeam positionsShared explorationLock speedFull tech treeHidden civsTurbo modeCheats
Victory
Defeat
🇺🇸 Khmer · United States
773
+13
🇺🇸 Celts · United States
672
+17
🇺🇸 Celts · United States
650
+18
🇮🇳 Celts · India
736
-17
🇮🇳 Turks · India
731
-17
🇨🇦 Danes · Canada
642
-14
Sir Knight 999
11:47 Feudal Age
19:01 Castle Age
26:34 Imperial Age
24:41 Wheelbarrow
23:52 Town Watch
27:22 Horse Collar
27:29 Double-Bit Axe
29:14 Bow Saw
29:06 Heavy Plow
29:24 Hand Cart
29:07 Loom
29:54 Town Patrol
35:32 Conscription
35:13 Double Crossbow
34:34 Elite Ballista Elephant
37:33 Crop Rotation
38:13 Scale Barding Armor
38:31 Ballistics
38:21 Siege Engineers
39:18 Chemistry
38:30 Husbandry
38:41 Bloodlines
37:52 Cavalier
41:00 Chain Barding Armor
41:03 Ballistics
40:54 Fortified Wall
41:10 Caravan
42:55 Plate Barding Armor
42:34 Cavalier
45:54 Scale Mail Armor
46:05 Forging
50:00 Chain Mail Armor
50:21 Iron Casting
JP Captain
12:33 Feudal Age
19:05 Castle Age
17:33 Double-Bit Axe
19:21 Stone Mining
21:08 Horse Collar
22:24 Heavy Plow
25:33 Gold Mining
30:24 Wheelbarrow
30:09 Bow Saw
34:44 Imperial Age
34:21 Caravan
36:13 Conscription
35:17 Pikeman
37:07 Hand Cart
37:04 Halberdier
39:56 Gold Shaft Mining
39:31 Heavy Scorpion
40:40 Scale Mail Armor
44:34 Furor Celtica
47:51 Chemistry
48:20 Ballistics
48:06 Siege Engineers
51:09 Cavalier
51:50 Husbandry
SafariMan252
4:09 Loom
14:49 Feudal Age
20:14 Castle Age
18:55 Horse Collar
20:18 Double-Bit Axe
20:28 Stone Mining
23:09 Bow Saw
30:15 Man-at-Arms
31:23 Pikeman
38:34 Imperial Age
37:25 Caravan
39:41 Heavy Plow
39:34 Gambesons
39:35 Arson
42:20 Furor Celtica
42:28 Heavy Scorpion
44:48 Wheelbarrow
44:51 Forging
44:41 Scale Mail Armor
45:10 Conscription
44:29 Halberdier
46:23 Ballistics
47:03 Chemistry
46:09 Siege Engineers
46:00 Murder Holes
45:33 Elite Woad Raider
51:20 Iron Casting
51:00 Chain Mail Armor
V snacks
12:32 Feudal Age
10:49 Loom
12:37 Feudal Age
13:32 Town Watch
14:43 Double-Bit Axe
18:12 Wheelbarrow
20:11 Stone Mining
22:51 Castle Age
21:24 Gold Mining
23:36 Forging
23:13 Horse Collar
24:50 Heavy Plow
26:08 Fletching
26:48 Bodkin Arrow
26:55 Scale Mail Armor
30:07 Chain Mail Armor
33:23 Gold Shaft Mining
35:07 Squires
44:03 Imperial Age
41:57 Hand Cart
42:24 Iron Casting
44:06 Bow Saw
44:15 Elite Varangian Guard
44:57 Onager
46:47 Siege Onager
49:35 Caravan
51:29 Bracer
JAMES GAAND
12:16 Feudal Age
16:05 Double-Bit Axe
16:21 Horse Collar
20:24 Gold Mining
20:28 Stone Mining
23:13 Castle Age
21:40 Forging
23:19 Bloodlines
24:21 Husbandry
28:52 Iron Casting
30:16 Scale Barding Armor
30:23 Heavy Plow
31:54 Wheelbarrow
31:54 Chain Barding Armor
31:26 Fletching
34:07 Caravan
34:46 Bodkin Arrow
34:52 Padded Archer Armor
37:53 Imperial Age
36:55 Gold Shaft Mining
38:02 Elite Janissary
39:05 Conscription
39:18 Bow Saw
44:31 Two-Man Saw
46:19 Blast Furnace
45:55 Plate Barding Armor
45:22 Bracer
45:37 Leather Archer Armor
53:04 Ring Archer Armor
54:07 Heavy Camel Rider
neville_longbottom
14:42 Feudal Age
17:17 Double-Bit Axe
20:53 Horse Collar
25:07 Castle Age
37:27 Imperial Age
35:21 Bow Saw
37:02 Fortified Wall
36:48 Murder Holes
36:49 Heated Shot
38:45 Onager
40:08 Wheelbarrow
39:20 Town Watch
40:02 Scale Mail Armor
40:13 Forging
39:26 Pikeman
39:52 Arson
39:53 Gambesons
41:14 Halberdier
42:09 Furor Celtica
42:33 Hand Cart
43:55 Siege Onager
47:05 Elite Woad Raider
51:22 Chemistry
50:20 Murder Holes
55:50 Chain Mail Armor
56:11 Iron Casting
Connection lost

Rejoining the realm…

Still unreachable

The connection could not be restored.

Session expired

The server has moved on; the page needs a fresh start.